 Dungeon Crawl Stone Soup version 0.25-a0-565-g8875c97ebb (webtiles) character file.

Game seed: 9025316144612104088, levelgen mode: classic

222 EnegeticOcto the Shield-Bearer (level 5, 0/50 HPs)
             Began as a Deep Dwarf Fighter on Feb 26, 2020.
             Slain by an ogre
             ... wielding a +0 giant spiked club
              (21 damage)
             ... on level 4 of the Dungeon.
             The game lasted 00:00:38 (752 turns).

EnegeticOcto the Shield-Bearer (Deep Dwarf Fighter)  Turns: 752, Time: 00:00:38

Health: 0/50       AC: 11    Str: 21    XL:     5   Next: 66%
Magic:  3/3        EV:  4    Int:  8    God:
Gold:   80         SH:  9    Dex: 12    Spells: 4/4 levels left

rFire    . . .     SeeInvis .   a - +0 war axe
rCold    . . .     Gourm    .   c - +0 kite shield
rNeg     . . .     Faith    .   g - +0 plate armour
rPois    .         Spirit   .   (no helmet)
rElec    .         Reflect  .   (no cloak)
rCorr    .         Harm     .   (no gloves)
MR       .....                  (no boots)
Stlth    ..........             (no amulet)
HPRegen  0.00/turn              (no ring)
MPRegen  0.08/turn              (no ring)

@: non-regenerating
A: damage resistance, heal wounds, sense surroundings 1, no regeneration
a: Heal Wounds


You were on level 4 of the Dungeon.
You were not hungry.

You visited 1 branch of the dungeon, and saw 4 of its levels.

You collected 80 gold pieces.

Inventory:

Hand Weapons
 a - a +0 war axe (weapon)
Armour
 c - a +0 kite shield (worn)
 g - a +0 plate armour (worn)
Scrolls
 f - 2 scrolls of teleportation {unknown}
 h - 2 scrolls of identify {unknown}
 i - a scroll of magic mapping {unknown}
 j - a scroll of noise {unknown}
Potions
 b - a potion of degeneration {unknown}
 k - 2 potions of might {@q3}
Comestibles
 d - 5 chunks of flesh
 e - 4 rations


   Skills:
 * Level 3.9 Fighting
 * Level 3.9 Axes
 + Level 3.9 Armour
 + Level 2.1 Dodging
 + Level 4.0 Shields


You had 4 spell levels left.
You didn't know any spells.
Your spell library was empty.

Dungeon Overview and Level Annotations

Branches:
Dungeon (4/15)
 Temple: D:4-7

Altars:
Cheibriados
Fedhas


Innate Abilities, Weirdness & Mutations

You are resistant to damage.
You can heal yourself by infusing magical energy.
You passively map a small area around you.
You do not regenerate.


Message History

You closely miss the jackal.
The jackal bites you but does no damage.
The jackal bites you.
You hit the jackal but do no damage. The jackal barely misses you.
You block the jackal's attack.
You closely miss the jackal. The jackal bites you.
You block the jackal's attack.
You miss the jackal. You block the jackal's attack. x2
You hit the jackal but do no damage. The jackal barely misses you.
You block the jackal's attack.
Your shield and plate armour prevent you from hitting the jackal.
You block the jackal's attack. x2
There are monsters nearby!
There are monsters nearby!
You slash the jackal!
You kill the jackal!
The jackal bites you but does no damage.
You slash the jackal!
You kill the jackal!
No target in view!
No target in view!
No target in view!
No target in view!
No target in view!
No target in view!
No target in view!
No target in view!
You butcher the jackal corpse.
d - 13 chunks of flesh (gained 2)
You butcher the jackal corpse.
d - 16 chunks of flesh (gained 3)
Things that are here:
a jackal skeleton x2
Things that are here:
a jackal skeleton x2
f - 2 scrolls labeled ZOAN TICUTIRE (gained 1)
You now have 80 gold pieces (gained 10).
j - a scroll labeled VAFRUTU ZYFFI Some of the chunks of flesh in your inventory have rotted away.
Some of the chunks of flesh in your inventory have rotted away.
Found a stone staircase leading up.
There is a stone staircase leading up here.
e - 3 rations (gained 1)
Found a plate armour.
A frilled lizard comes into view.
A frilled lizard is nearby!
A frilled lizard is nearby!
The frilled lizard bites you but does no damage.
You barely miss the frilled lizard. You block the frilled lizard's attack.
You slash the frilled lizard!
You kill the frilled lizard!
No target in view!
No target in view!
No target in view!
No target in view!
No target in view!
No target in view!
You open the door.
Found a snail-covered altar of Cheibriados and a blossoming altar of Fedhas.
There is an open door here.
There is an open door here.
Some of the chunks of flesh in your inventory have rotted away.
You see here a plate armour.
Some of the chunks of flesh in your inventory have rotted away.
e - 4 rations (gained 1)
Found a dagger.
h - 2 scrolls labeled ISE YGRAIJINIE (gained 1)
There is a stone staircase leading down here.
Some of the chunks of flesh in your inventory have rotted away.
A leopard gecko comes into view.
The leopard gecko hisses angrily.
The leopard gecko bites you but does no damage.
You barely miss the leopard gecko.
The leopard gecko completely misses you.
The leopard gecko bites you.
You slash the leopard gecko!
You kill the leopard gecko!
No target in view!
No target in view!
No target in view!
No target in view!
No target in view!
No target in view!
Some of the chunks of flesh in your inventory have rotted away.
An ogre comes into view. It is wielding a +0 giant spiked club.
An ogre is nearby!
An ogre is nearby!
An ogre is nearby!
There is a stone staircase leading up here.
You completely miss the ogre. You block the ogre's attack.
You hit the ogre.
The ogre is lightly wounded.
The ogre hits you with a +0 giant spiked club!!
You hit the ogre.
The ogre is lightly wounded.
The ogre hits you with a +0 giant spiked club.
You slash the ogre!
The ogre is severely wounded.
The ogre hits you with a +0 giant spiked club!!
You die...

* , ..., , * #.# * *
###.### , , #.....#
, **** * ##.....####
, #..........
#######..<...###,*
###............#
#..........@..## * *
######.#.######.#O.#
, ##** .......#.#
#.#..####.#. ,
########.#
#.#......... # #.#
#.##.####..### # #.#
#.##..[)....., , #
###.###
#.##.#####.######
#### #.[...#
#.##....[รท.......
...###.....#
#.##.#####.######


You could see an ogre.

Vanquished Creatures
  Menkaure (D:4)
  A hound skeleton (D:4)
  5 adders
  2 worms
  2 leopard geckos
  7 orcs
  2 goblins (D:2)
  2 hobgoblins
  5 jackals (D:4)
  3 bats (D:2)
  4 frilled lizards
  A rat (D:1)
35 creatures vanquished.

Notes
Turn   | Place    | Note
-------+----------+-------------------------------------------
     0 | D:1      | EnegeticOcto the Deep Dwarf Fighter began the quest for the
                  | Orb.
     0 | D:1      | Reached XP level 1. HP: 20/20 MP: 1/1
    92 | D:2      | Reached XP level 2. HP: 21/27 MP: 2/2
   259 | D:2      | Reached XP level 3. HP: 24/34 MP: 3/3
   275 | D:2      | Reached skill level 1 in Dodging
   436 | D:4      | Noticed Menkaure
   449 | D:4      | Killed Menkaure
   449 | D:4      | Reached XP level 4. HP: 44/44 MP: 2/2
   449 | D:4      | Reached XP level 5. HP: 50/50 MP: 3/3
   458 | D:4      | Reached skill level 4 in Shields
   656 | D:4      | Found a snail-covered altar of Cheibriados.
   656 | D:4      | Found a blossoming altar of Fedhas.
   745 | D:4      | Noticed an ogre
   752 | D:4      | Slain by an ogre

Levels and vault maps discovered:
D:1:      psy_arrival_radial02, layout_loops_ring
D:2:      layout_basic, marbit_many_paths
D:3:      layout_rooms, overflow_temple_1_default, uniq_natasha
D:4:      layout_loops_ring, gammafunk_temple_overflow_elements, first_ration,
          uniq_menkaure

Skill      XL: |  1  2  3  4  5 |
---------------+----------------+-----
Fighting       | 3 |  3.9
Dodging        | 2 |  2.1
Axes           | 3 |  3.9
Shields        | 4 |  4.0
Armour         | |  3.9

Action                   |  1- 3 |  4- 6 || total
-------------------------+-------+-------++-------
Melee: War axe           |    89 |    45 ||   134
 Abil: Heal Wounds       |     4 |       ||     4
Armor: Scale mail        |    28 |       ||    28
       Plate armour      |    45 |    18 ||    63
Dodge: Dodged            |    15 |     8 ||    23
Block: Kite shield       |    66 |    25 ||    91

Table legend:
 A = Non-vault XP
 B = Vault XP
 C = Vault XP percentage of total XP
 D = Non-vault monster count
 E = Vault monster count
 F = Vault count percentage of total count
                 A         B        C        D         E       F
            +---------+---------+-------+---------+---------+-------
      Total |     149 |     169 |  53.1 |      34 |       1 |   2.9
            +---------+---------+-------+---------+---------+-------
        D:1 |       1 |       0 |   0.0 |       1 |       0 |   0.0
        D:2 |      61 |       0 |   0.0 |      13 |       0 |   0.0
        D:3 |      27 |       0 |   0.0 |       6 |       0 |   0.0
        D:4 |      60 |     169 |  73.8 |      14 |       1 |   6.7
            +---------+---------+-------+---------+---------+-------
